Map: Port Aleksander LE

Players

Odin

  • Race: Protoss Protoss
  • League: Platinum
  • Spawn Location: 5:00

VOD

Have the link to the VOD?

Description

Time

  • Played on: Dec. 19, 2018, 9:10 a.m.
  • Length: 9:19
Show
View Real Time Build Order
Export as new Build Order

Odin Protoss 

Build Orders:  

Get SALT Encoding   

  1  0:00  Probe (Chrono Boost)  
  13  0:20  Pylon  
  13  0:28  Probe (Chrono Boost)  
  14  0:48  Gateway  
  14  0:58  Probe (Chrono Boost)  
  15  1:14  Forge  
  15  1:19  Probe (Chrono Boost)  
  16  1:44  Pylon  
  16  1:54  Probe (Chrono Boost)  
  16  1:57  Assimilator  
  17  2:03  Assimilator  
  17  2:06  Probe (Chrono Boost)  
  18  2:12  Photon Cannon  
  18  2:36  Photon Cannon  
  17  2:59  Probe (Chrono Boost)  
  18  3:11  Probe (Chrono Boost)  
  19  3:25  Probe (Chrono Boost)  
  21  3:42  Probe (Chrono Boost)  
  21  3:50  Cybernetics Core  
  21  3:54  Pylon  
  21  3:59  Probe (Chrono Boost)  
  22  4:14  Probe (Chrono Boost)  
  23  4:20  Pylon  
  23  4:22  Zealot  
  23  4:25  Probe (Chrono Boost)  
  26  4:37  Probe (Chrono Boost)  
  26  4:46  Nexus  
  27  4:59  Pylon  
  27  5:22  Probe (Chrono Boost)  
  27  5:24  Robotics Facility  
  28  5:39  Probe (Chrono Boost)  
  31  5:53  Twilight Council  
  31  5:56  Probe (Chrono Boost)  
  32  6:12  Unknown  
  32  6:13  Probe (Chrono Boost)  
  34  6:30  Probe (Chrono Boost)  
  35  6:40  Probe (Chrono Boost)  
  35  6:47  Probe (Chrono Boost)  
  36  6:51  Warp Gate  
  36  6:57  Probe (Chrono Boost)  
  36  6:59  Immortal  
  41  7:04  Probe (Chrono Boost), Gateway  
  42  7:32  Gateway  
  42  7:35  Gateway  
  42  7:39  Pylon  
  42  7:42  Gateway  
  42  7:44  Gateway  
  42  7:49  Gateway, Immortal  
  42  7:53  Gateway  
  46  8:23  Zealot x2  
  50  8:57  Gateway  
  50  8:58  Gateway  
  50  9:00  Gateway  
  50  9:01  Zealot x5  
  50  9:02  Zealot  
  62  9:13  Zealot  
Tags
 
Add a new tag
Caveats
  • Supply blocks, unpowered buildings, or Contaminate may cause inaccurate times.
  • Supply counts are checked every 10 seconds.